 Dungeon Crawl Stone Soup version 0.17-a0-1636-g3119f2b (webtiles) character file.

380 karlkraus the Sneak (level 6, -4/43 HPs)
             Began as an Octopode Monk on Aug 6, 2015.
             Slain by Blork the wolf (9 damage)
             ... on level 4 of the Dungeon.
             The game lasted 00:09:40 (3977 turns).

karlkraus the Sneak (Octopode Monk)                 Turns: 3977, Time: 00:09:41

Health: -4/43      AC:  1    Str: 13    XL:     6   Next: 75%
Magic:  6/6        EV: 14    Int: 11    God:
Gold:   129        SH:  0    Dex: 15    Spells: 0 memorised, 5 levels left

rFire  . . .     SeeInvis .       - Unarmed
rCold  . . .     Rnd*Rage +     (no shield)
rNeg   . . .     SustAt   .     (helmet restricted)
rPois  .         Gourm    .     f - necklace of Bloodlust {*Rage +Rage MR+ Str+2 Int-2 Slay+3 *Curse}
rElec  .         Spirit   .     c - ring of stealth
rCorr  .         Warding  .     (no ring)
rMut   .         Stasis   .     (no ring)
MR     +....                    (no ring)
Stlth  ++++++....               (no ring)
                                (no ring)
                                (no ring)
                                (no ring)

@: somewhat resistant to hostile enchantments, very stealthy
A: almost no armour, amphibious, 8 rings, constrict 8, camouflage 1, gelatinous
body 1
a: Evoke Berserk Rage


You were on level 4 of the Dungeon.
You were not hungry.

You visited 1 branch of the dungeon, and saw 4 of its levels.

You collected 129 gold pieces.

Inventory:

Jewellery
 c - a ring of stealth (left tentacle)
 f - the necklace of Bloodlust (around mantle) {*Rage +Rage MR+ Str+2 Int-2 Slay+3 *Curse}
   (You found it on level 4 of the Dungeon)

   [amulet of rage]

   It affects your strength (+2).
   It affects your intelligence (-2).
   It affects your accuracy and damage with ranged weapons and melee attacks
   (+3).
   It affects your resistance to hostile enchantments.
   It lets you go berserk.
   It may make you go berserk in combat.
   It may re-curse itself when equipped.
Magical devices
 p - a wand of polymorph (11)
Scrolls
 g - 2 scrolls of teleportation
 q - 2 scrolls of remove curse
Potions
 h - 2 potions of cancellation
 i - 3 potions of curing {unknown}
 j - a potion of brilliance {unknown}
 l - 2 potions of cure mutation {unknown}
 o - a potion of resistance {unknown}
 r - a potion of heal wounds {unknown}
Comestibles
 a - 3 bread rations
 b - 2 meat rations


   Skills:
 + Level 3.8 Fighting
 + Level 4.6 Dodging
 + Level 6.1 Stealth
 + Level 5.1 Unarmed Combat


You had 5 spell levels left.
You didn't know any spells.

Dungeon Overview and Level Annotations

Branches:
Dungeon (4/15)
 Temple: D:4-7

Altars:
Gozag
Nemelex Xobeh
Xom

Annotations:
D:4 Blork the orc


Innate Abilities, Weirdness & Mutations

You cannot wear most types of armour.
You are amphibious.
You can wear up to eight rings at the same time.
You can use your tentacles to constrict eight enemies at once.
Your skin changes colour to match your surroundings (Stealth).
Your rubbery body absorbs attacks (AC +1).


Message History

Aim: Blork the orc, wielding a war axe of chopping and wearing a robe (chance to defeat MR: 46%) Blork the orc evaporates and reforms as a wolf!
Evoking this partially-identified wand wasted a few charges.
Blork bites you!
You miss Blork. You grab Blork. You constrict Blork, but do no damage.
Blork bites you! x2
You tentacle-slap Blork but do no damage.
You constrict Blork. Blork closely misses you.
You barely miss Blork. You squeeze Blork, but do no damage.
Blork is lightly wounded.
You constrict Blork. Blork bites you!
* * * LOW HITPOINT WARNING * * *
Blork misses you.
You are too injured to fight recklessly!
You are too injured to fight recklessly!
You are too injured to fight recklessly!
You are too injured to fight recklessly!
You are too injured to fight recklessly!
You release your grip on Blork.
Blork misses you. Blork bites you!
You die...

#.#######..... #.##.......###
Jh.o....##########.##.#####.#
............[...##........#.#
............)...##..#.###.#.###
................##..#.# #..>.
......................# #####
..............h.......#
##..............@.......#
#.........##............#
#.####### #...รท........###.#
#.# #................# #'####
#............##### .....#
#...........### .....#
#.............# .....###
#######'#####.#
.....'.###########!#####.#


You could see Blork the wolf.

Vanquished Creatures
  The ghost of emiel the Conjurer, an average NaCj (D:3)
  A scorpion (D:4)
  A hound (D:4)
  An iguana (D:4)
  A centaur skeleton (D:4)
  An orc priest (D:3)
  4 adders
  An ooze (D:4)
  An adder skeleton (D:4)
  4 worms
  3 giant geckos
  4 orcs
  6 bats
  3 giant cockroaches
  3 goblins (D:1)
  4 hobgoblins
  14 jackals
  6 kobolds
  4 quokkas
  A giant gecko skeleton (D:4)
  7 giant newts
  5 rats
76 creatures vanquished.

Notes
Turn   | Place    | Note
--------------------------------------------------------------
     0 | D:1      | karlkraus the Octopode Monk began the quest for the Orb.
     0 | D:1      | Reached XP level 1. HP: 16/16 MP: 1/1
   106 | D:1      | Reached XP level 2. HP: 15/21 MP: 2/2
   577 | D:2      | Reached XP level 3. HP: 24/26 MP: 3/3
   702 | D:2      | Found a sparkling altar of Nemelex Xobeh.
  1021 | D:2      | Reached XP level 4. HP: 14/31 MP: 4/4
  1407 | D:3      | Noticed emiel's ghost (average NaCj)
  2144 | D:3      | Found an opulent altar of Gozag.
  2620 | D:3      | Killed emiel's ghost
  2620 | D:3      | Reached skill level 5 in Stealth
  2620 | D:3      | Reached XP level 5. HP: 11/36 MP: 5/5
  2951 | D:4      | Noticed Blork the orc
  3186 | D:4      | Reached XP level 6. HP: 42/42 MP: 6/6
  3335 | D:4      | Reached skill level 5 in Unarmed Combat
  3495 | D:4      | Found a shimmering altar of Xom.
  3518 | D:4      | Found a shimmering altar of Xom.
  3809 | D:4      | Reached skill level 6 in Stealth
  3971 | D:4      | Noticed Blork
  3971 | D:4      | Blork the orc changed into Blork the wolf
  3977 | D:4      | Slain by Blork the wolf

Vault maps used:
D:1:      ncdulo_smallfort
D:2:      nemelex_altar_shiori
D:3:      lemuel_doored_altar
D:4:      xom_redecorated, first_bread, kennysheep_generic_room_10,
          uniq_blork_the_orc

Action                   |  1- 3 |  4- 6 || total
-------------------------+-------+-------++-------
Melee: Unarmed           |    71 |    88 ||   159
Evoke: Wand              |       |     2 ||     2
  Use: Scroll            |       |    12 ||    12
       Potion            |       |     1 ||     1
 Stab: Sleeping          |    12 |    12 ||    24
  Eat: Chunk             |       |     8 ||     8
       Meat ration       |       |     1 ||     1
